 Dungeon Crawl Stone Soup version bcrawl-1.13-2-g5ca86534bc (webtiles) character file.

Game seed: 11999165188931036443

287 BinkBink the Slasher (level 6, -1/46 HPs)
             Began as a Demonspawn Gladiator on July 31, 2019.
             Slain by a sky beast (6 damage)
             ... on level 3 of the Dungeon.
             The game lasted 00:05:04 (2686 turns).

BinkBink the Slasher (Demonspawn Gladiator)         Turns: 2686, Time: 00:05:05

Health: -1/46      AC:  3    Str: 16    XL:     6   Next: 8%
Magic:  6/6        EV: 15    Int:  9    God:
Gold:   218        SH:  1    Dex: 15    Spells: 5/5 levels left

rFire    . . .     SeeInvis .   a - +0 long sword
rCold    . . .     Gourm    .   (no shield)
rNeg     . . .     Faith    .   b - +0 leather armour
rPois    .         Spirit   .   (helmet restricted)
rElec    .         Reflect  .   (no cloak)
rCorr    .         Harm     .   (no gloves)
MR       .....                  (no boots)
Stlth    ++........             (no amulet)
HPRegen  0.15/turn              i - +2 ring of evasion
MPRegen  0.10/turn              (no ring)

@: no status effects
A: antennae 1, foul stench 1, powered by death 1, rot immunity
a: no special abilities


You were on level 3 of the Dungeon.
You were not hungry.

You visited 1 branch of the dungeon, and saw 3 of its levels.

You collected 218 gold pieces.

Inventory:

Hand Weapons
 a - a +0 long sword (weapon)
Missiles
 d - 3 throwing nets (quivered) {!f}
Armour
 b - a +0 leather armour (worn)
 c - a +0 helmet
Jewellery
 i - a +2 ring of evasion (left hand)
Scrolls
 e - 5 scrolls of identify {unknown}
 g - 4 scrolls of teleportation {unknown}
 h - a scroll of fog {unknown}
 j - 2 scrolls of enchant armour {unknown}
 l - a scroll of remove curse {unknown}
 n - a scroll of noise {unknown}
 p - a scroll of enchant weapon {unknown}
Potions
 k - a potion of invisibility {unknown}
 m - a potion of cancellation {unknown}
Comestibles
 f - 7 rations {!d}


   Skills:
 + Level 2.9 Fighting
 + Level 4.4 Long Blades
 + Level 1.8 Throwing
 + Level 2.1 Armour
 + Level 3.7 Dodging
 + Level 1.0 Stealth


You had 5 spell levels left.
You didn't know any spells.
Your spell library was empty.

Dungeon Overview and Level Annotations

Branches:
Dungeon (3/12)

Altars:
Elyvilon
Fedhas
Vehumet


Innate Abilities, Weirdness & Mutations

You have a pair of small antennae on your head.
You may emit foul miasma when damaged in melee.
You regenerate a little health from kills.
You are immune to rotting.


Message History

You are too injured to fight recklessly!
You are too injured to fight recklessly!
You are too injured to fight recklessly!
You miss the sky beast. The sky beast barely misses you.
You slash the sky beast!
The sky beast is moderately wounded.
The sky beast closely misses you.
You closely miss the sky beast.
The sky beast is moderately wounded.
The sky beast flickers out of sight!
Deactivating autopickup; reactivate with Ctrl-A.
Something hits you but does no damage. x2
You miss something. Something hits you. Something shocks you.
You miss something. Something barely misses you.
You closely miss something. Something hits you. Something shocks you.
* * * LOW HITPOINT WARNING * * *
You miss something. Something hits you.
* * * LOW HITPOINT WARNING * * *
Something shocks you.
You die...

##...## #.#########
##..### #..........
#.#...# ###########
##..#.#####
#.....÷..#########
#####..#.###..........
###......#(#
#.........#
#.......####
########### #.#.###@#
# #{# ♣♣♣♣♣ #.#
♣♣...♣♣ #.. ♣♣.....♣♣
### ♣♣.......♣♣
♣...._....♣ ####
♣♣.........♣♣ #..#
♣...........♣ #.##
♣.♣.......♣.♣


There were no monsters in sight!

Vanquished Creatures
  Sigmund (D:2)
  A worker ant (D:2)
  4 adders
  3 worms
  2 dart slugs
  2 orcs
  5 bats
  5 giant cockroaches
  6 goblins
  7 hobgoblins
  9 kobolds
  4 quokkas (D:1)
  2 frilled lizards
  6 rats
57 creatures vanquished.

Notes
Turn   | Place    | Note
-------+----------+-------------------------------------------
     0 | D:1      | BinkBink the Demonspawn Gladiator began the quest for the
                  | Orb.
     0 | D:1      | Reached XP level 1. HP: 16/16 MP: 1/1
    43 | D:1      | Reached skill level 3 in Long Blades
    43 | D:1      | Gained mutation: You have a pair of small antennae on your
                  | head. [demonic ancestry]
    43 | D:1      | Reached XP level 2. HP: 9/22 MP: 2/2
   509 | D:1      | Gained mutation: You are immune to rotting. [demonic
                  | ancestry]
   509 | D:1      | Reached XP level 3. HP: 27/27 MP: 3/3
  1110 | D:2      | Reached skill level 1 in Armour
  1110 | D:2      | Gained mutation: You may emit foul miasma when damaged in
                  | melee. [demonic ancestry]
  1110 | D:2      | Reached XP level 4. HP: 9/34 MP: 4/4
  1412 | D:2      | Found a white marble altar of Elyvilon.
  1484 | D:2      | Noticed Sigmund
  1525 | D:2      | Killed Sigmund
  1525 | D:2      | Reached skill level 4 in Long Blades
  1525 | D:2      | Gained mutation: You regenerate a little health from kills.
                  | [demonic ancestry]
  1525 | D:2      | Reached XP level 5. HP: 11/40 MP: 5/5
  1939 | D:2      | Found a radiant altar of Vehumet.
  2165 | D:3      | Found a blossoming altar of Fedhas.
  2181 | D:3      | Reached XP level 6. HP: 26/46 MP: 6/6
  2390 | D:3      | Reached skill level 1 in Stealth
  2675 | D:3      | Noticed a sky beast
  2686 | D:3      | Slain by a sky beast

Skill      XL: |  1  2  3  4  5  6 |
---------------+-------------------+-----
Long Blades    | 3 4 |  4.4
Dodging        | 3 |  3.7
Armour         | 1 2 |  2.1
Stealth        | 1 |  1.0
Fighting       | |  2.9
Throwing       | |  1.8

Action                   |  1- 3 |  4- 6 || total
-------------------------+-------+-------++-------
Melee: Long sword        |   123 |   111 ||   234
 Stab: Sleeping          |     1 |     3 ||     4
  Eat: Chunk             |     1 |     5 ||     6
Armor: Leather armour    |    24 |     5 ||    29
Dodge: Dodged            |   105 |    81 ||   186
Block: Other             |     2 |       ||     2
